 Dungeon Crawl Stone Soup version 0.25-a0-861-g340c9e8 (webtiles) character file.

Game seed: 4594882446854483481, levelgen mode: deterministic

262 Illumine the Chopper (level 6, -2/56 HPs)
             Began as a Hill Orc Monk on Apr 28, 2020.
             Slain by a worm (10 damage)
             ... on level 4 of the Dungeon.
             The game lasted 00:07:19 (3352 turns).

Illumine the Chopper (Hill Orc Monk)                Turns: 3352, Time: 00:07:19

Health: -2/56      AC:  3    Str: 16    XL:     6   Next: 18%
Magic:  6/6        EV: 12    Int: 10    God:
Gold:   189        SH:  0    Dex: 13    Spells: 5/5 levels left

rFire    . . .     SeeInvis .   a - +0 hand axe
rCold    . . .     Gourm    .   (no shield)
rNeg     . . .     Faith    .   q - +0 leather armour
rPois    .         Spirit   .   (no helmet)
rElec    .         Reflect  .   (no cloak)
rCorr    +         Harm     .   (no gloves)
MR       .....                  (no boots)
Stlth    +++.......             (no amulet)
HPRegen  0.18/turn              u - ring of stealth
MPRegen  0.10/turn              v - ring of resist corrosion

@: no status effects
A: no striking features
a: no special abilities


You were on level 4 of the Dungeon.
You were hungry.

You visited 1 branch of the dungeon, and saw 4 of its levels.

You collected 189 gold pieces.

Inventory:

Hand Weapons
 a - a +0 hand axe (weapon)
 b - a +0 hunting sling
Missiles
 h - 83 stones (quivered)
 l - 13 sling bullets
Armour
 d - a +0 robe
 q - a +0 leather armour (worn)
 t - a +0 robe of the Archmagi
Jewellery
 u - a ring of stealth (left hand)
 v - a ring of resist corrosion (right hand)
Scrolls
 e - 2 scrolls of magic mapping
 f - a scroll of amnesia {unknown}
 i - a scroll of enchant weapon {unknown}
 j - 3 scrolls of remove curse
 n - a scroll of teleportation {unknown}
 o - a scroll of random uselessness {unknown}
Potions
 k - a potion of magic {unknown}
 m - a potion of flight
 p - a potion of brilliance
 r - a potion of degeneration {unknown}
 s - a potion of haste {unknown}
Comestibles
 c - 7 rations


   Skills:
 + Level 5.1 Fighting
 * Level 6.7 Axes
 + Level 1.5 Slings
 + Level 2.2 Armour
 - Level 2.4 Dodging
 - Level 1.5 Stealth


You had 5 spell levels left.
You didn't know any spells.
Your spell library was empty.

Dungeon Overview and Level Annotations

Branches:
Dungeon (4/15)             Temple (0/1) D:4

Altars:
Dithmenos

Portals:
Ossuary: D:4


Message History

You hit the ogre.
The ogre is almost dead.
You hit the worm. The worm barely misses you. The ogre closely misses you.
You hit the ogre.
The ogre is almost dead.
You barely miss the worm. You hit the ogre.
You kill the ogre!
Your Fighting skill increases to level 5!
Your Armour skill increases to level 2!
You have reached level 6!
Your experience leads to an increase in your attributes!
Increase (S)trength, (I)ntelligence, or (D)exterity?
You feel stronger.
You hit the worm. The worm bites you!
* * * LOW HITPOINT WARNING * * *
You hit the worm.
The worm is severely wounded.
The worm bites you!
You die...

*,**#.(...###..........,*****
*,,,+...#...#..........,,,,,,
****#...##..##.........,,,,,,
#..!###..#...$.....,,,,,,
#...+,##..#'#####..,,,,,,
##..###.#........#*******
##.##..##w........,,,,,*
#.#..w###........,,,,,*
#....)@∩##.......,,,,,+
*#.#...###,.......,,,,,*
#..##.[#*,,.......,,,,,*
#..###.#,,*.....##******
*#..+,##..**,....#
*(..#**,..#*,,,,,*
#.#.#*,,#.#*,,,,,********
#.#.*,,**.#****+***,,,,,,
*,*,,,,**,* *,***,*****


You could see a worm.

Vanquished Creatures
  An ogre (D:4)
  Jessica (D:2)
  A mummy (D:4)
  2 adders (D:3)
  An ooze (D:3)
  3 worms (D:3)
  3 dart slugs (D:1)
  3 leopard geckos
  11 bats
  14 giant cockroaches
  5 goblins
  11 hobgoblins
  9 jackals
  3 quokkas
  3 ball pythons (D:3)
  6 frilled lizards
  5 kobolds
  11 rats
93 creatures vanquished.

Notes
Turn   | Place    | Note
-------+----------+-------------------------------------------
     0 | D:1      | Illumine the Hill Orc Monk began the quest for the Orb.
     0 | D:1      | Reached XP level 1. HP: 19/19 MP: 1/1
   277 | D:1      | Reached XP level 2. HP: 20/27 MP: 2/2
   363 | D:1      | Reached skill level 1 in Armour
   760 | D:1      | Reached XP level 3. HP: 33/33 MP: 3/3
   922 | D:1      | Reached skill level 5 in Axes
  1464 | D:2      | Reached XP level 4. HP: 38/41 MP: 4/4
  1740 | D:2      | Noticed Jessica
  1745 | D:2      | Killed Jessica
  1981 | D:3      | Found a shadowy altar of Dithmenos.
  2370 | D:3      | Reached XP level 5. HP: 43/47 MP: 5/5
  2372 | D:3      | Reached skill level 6 in Axes
  2379 | D:3      | Reached skill level 1 in Slings
  3315 | D:4      | Noticed an ogre
  3335 | D:4      | Found a sand-covered staircase.
  3351 | D:4      | Killed an ogre
  3351 | D:4      | Reached skill level 5 in Fighting
  3351 | D:4      | Reached XP level 6. HP: 16/56 MP: 6/6
  3352 | D:4      | Slain by a worm

Levels and vault maps discovered:
D:1:      lightli_arrival_statuegarden, layout_loops_corners, st_stairs_1
D:2:      layout_rooms, first_ration, fountainhead, uniq_jessica
D:3:      minmay_roachtagon, layout_rooms, grunt_dithmenos_smoke
D:4:      layout_basic, minmay_temple_entry_glassed_door,
          nicolae_ossuary_entry_giza, uniq_blork_the_orc, uniq_pikel

Skill      XL: |  1  2  3  4  5 |
---------------+----------------+-----
Armour         | 1 2 |  2.2
Fighting       | 4 5 |  5.1
Axes           | 5 6 |  6.7
Slings         | 1 |  1.5
Dodging        | |  2.4
Stealth        | |  1.5

Action                   |  1- 3 |  4- 6 || total
-------------------------+-------+-------++-------
Melee: Hand axe          |   136 |   135 ||   271
 Fire: Hunting sling     |       |    25 ||    25
Throw: Stone             |       |     1 ||     1
  Use: Scroll            |       |     5 ||     5
       Potion            |       |     1 ||     1
 Stab: Sleeping          |     2 |     3 ||     5
  Eat: Chunk             |     2 |     5 ||     7
Armor: Robe              |    27 |     6 ||    33
       Leather armour    |       |    28 ||    28
Dodge: Dodged            |    95 |   107 ||   202

Table legend:
 A = Non-vault XP
 B = Vault XP
 C = Vault XP percentage of total XP
 D = Non-vault monster count
 E = Vault monster count
 F = Vault count percentage of total count
                 A         B        C        D         E       F
            +---------+---------+-------+---------+---------+-------
      Total |     289 |      86 |  22.9 |      76 |      17 |  18.3
            +---------+---------+-------+---------+---------+-------
        D:1 |      57 |       9 |  13.6 |      30 |       4 |  11.8
        D:2 |      32 |      37 |  53.6 |      21 |       1 |   4.5
        D:3 |      73 |      22 |  23.2 |      23 |      11 |  32.4
        D:4 |     127 |      18 |  12.4 |       2 |       1 |  33.3
            +---------+---------+-------+---------+---------+-------
